 Dungeon Crawl Stone Soup version 0.24-a0-232-g49d9ff8 (webtiles) character file.

Game seed: 14376762155291335372

15691 MatthieuS the Artisan of Death (level 12, 0/94 HPs)
             Began as a Demonspawn Necromancer on Apr 4, 2019.
             Was a Priest of Kikubaaqudgha.
             Killed from afar by a steam dragon (19 damage)
             ... with a ball of steam
             ... on level 3 of the Lair of Beasts.
             The game lasted 00:49:57 (15552 turns).

MatthieuS the Artisan of Death (DsNe)              Turns: 15552, Time: 00:49:57

Health: 0/94       AC:  5    Str:  9    XL:     12   Next: 3%
Magic:  14/27      EV: 17    Int: 24    God:    Kikubaaqudgha [***...]
Gold:   538        SH:  0    Dex: 13    Spells: 5/29 levels left

rFire    x . .     SeeInvis .   b - +1 short sword (flame)
rCold    + . .     Gourm    .   (no shield)
rNeg     . . .     Faith    .   J - +0 steam dragon scales
rPois    .         Spirit   .   (helmet restricted)
rElec    .         Reflect  .   (no cloak)
rCorr    .         Harm     .   (no gloves)
MR       .....                  (no boots)
Stlth    ++++......             (no amulet)
HPRegen  1.25/turn              y - ring of ice
MPRegen  0.20/turn              c - ring of wizardry

@: regenerating
A: antennae 2, repulsion field 2, clever 1, high mp 1, spiny 3, rot immunity,
subdued magic 1
a: Receive Corpses, Renounce Religion


You were on level 3 of the Lair of Beasts.
You worshipped Kikubaaqudgha.
Kikubaaqudgha was most pleased with you.
You were not hungry.

You visited 3 branches of the dungeon, and saw 13 of its levels.

You collected 538 gold pieces.

Inventory:

Hand Weapons
 b - a +1 short sword of flaming (weapon)
   (You took it off Duvessa on level 5 of the Dungeon)
 o - a +1 flail of venom
   (You found it on level 3 of the Dungeon)
Missiles
 I - a throwing net (quivered) {!f}
Armour
 r - a +1 leather armour of poison resistance
   (You took it off an orc on level 3 of the Dungeon)
 J - +0 steam dragon scales (worn)
   (You found it on level 3 of the Lair of Beasts)
Jewellery
 c - a ring of wizardry (right hand)
   (You found it on level 1 of the Dungeon)
 h - an uncursed ring of flight
   (You found it on level 4 of the Dungeon)
 n - an uncursed ring of protection from fire
   (You found it on level 2 of the Dungeon)
 y - a ring of ice (left hand)
   (You found it on level 2 of the Lair of Beasts)
 z - an uncursed ring of see invisible
   (You found it on level 9 of the Dungeon)
Wands
 p - a wand of polymorph (6)
   (You found it on level 4 of the Dungeon)
 t - a wand of flame (10)
   (You found it on level 4 of the Dungeon)
 u - a wand of paralysis (5)
   (You found it on level 5 of the Dungeon)
Scrolls
 a - 2 scrolls of magic mapping
 g - a scroll of blinking
 i - 6 scrolls of remove curse {@r2}
 j - 4 scrolls of immolation {unknown}
 q - 3 scrolls of amnesia
 w - 5 scrolls of identify {@r1}
 x - 4 scrolls of teleportation {@r4}
 A - a scroll of random uselessness {unknown}
 B - a scroll of enchant armour {unknown}
 C - a scroll of enchant weapon
Potions
 d - a potion of might {unknown}
 f - 4 potions of flight
 k - a potion of agility {unknown}
 l - 3 potions of magic {unknown}
 m - 3 potions of cancellation {unknown}
 s - a potion of lignification {!q}
 v - a potion of ambrosia {unknown}
 D - 2 potions of curing {@q1}
 E - a potion of resistance {unknown}
 G - a potion of haste {unknown}
 H - a potion of brilliance {unknown}
Miscellaneous
 F - a phial of floods
   (You found it on level 9 of the Dungeon)
 L - a sack of spiders
Comestibles
 e - 14 rations
 K - 7 chunks of flesh


   Skills:
 + Level 8.5 Fighting
 - Level 4.0 Dodging
 + Level 9.4 Stealth
 + Level 9.3 Spellcasting
 - Level 4.0 Charms
 + Level 10.9 Necromancy
 + Level 3.5 Earth Magic


You had 5 spell levels left.
You knew the following spells:

 Your Spells              Type           Power        Failure   Level  Hunger
a - Pain                  Necr           ####         1%          1    None
b - Animate Dead          Necr           N/A          1%          4    ##.....
c - Sublimation of Blood  Necr           #####.....   1%          2    None
d - Dispel Undead         Necr           #####...     1%          5    ####...
e - Regeneration          Chrm/Necr      #####.....   1%          3    None
f - Borgnjor's Vile Clut  Necr/Erth      #####.....   2%          5    ####...
q - Vampiric Draining     Necr           #####.....   1%          3    None
z - Animate Skeleton      Necr           N/A          1%          1    None

Your spell library contained the following spells:

 Spells                   Type           Power        Failure   Level  Hunger
 Flame Tongue             Conj/Fire      #....        1%          1    None
 Throw Flame              Conj/Fire      #.....       2%          2    None
 Excruciating Wounds      Chrm/Necr      #####.....   2%          5    ####...
 Conjure Flame            Conj/Fire      #.......     6%          3    None
 Inner Flame              Hex/Fire       #.......     6%          3    None
 Sticky Flame             Conj/Fire      #.......     21%         4    ##.....
 Summon Lightning Spire   Summ/Air       #.......     21%         4    ##.....
 Fireball                 Conj/Fire      #.........   47%         5    ####...
 Silence                  Hex/Air        #.........   47%         5    ####...
 Death Channel            Necr           #####.....   3%          6    ######.
 Simulacrum               Ice/Necr       #####.....   32%         6    ######.
 Deflect Missiles         Chrm/Air       ###.......   77%         6    ######.
 Conjure Ball Lightning   Conj/Air       #.........   96%         6    ######.
 Tornado                  Air            #.........   100%        9    #######


Dungeon Overview and Level Annotations

Branches:
Dungeon (9/15)             Temple (1/1) D:5            Lair (3/6) D:9
  Swamp (0/4) Lair:2        Snake (0/4) Lair:2
    Orc: D:9-12

Altars:
Ashenzari
Cheibriados
Dithmenos
Elyvilon
Fedhas
Gozag
Hepliaklqana
Kikubaaqudgha
Makhleb
Nemelex Xobeh
Okawaru
Qazlal
Ru
Sif Muna
Trog
Uskayaw
Vehumet
Wu Jian
Xom
Yredelemnul
Zin
The Shining One

Annotations:
D:2 1 runed translucent door


Innate Abilities, Weirdness & Mutations

You have a pair of antennae on your head.
You are surrounded by a moderate repulsion field. (EV +3)
You are completely covered in sharp spines.
You are immune to rotting.
Your mind is acute. (Int +2)
You have an increased reservoir of magic. (+10% MP)
Your spells are a little easier to cast, but a little less powerful.


Message History

Your wyvern skeleton bites the steam dragon!
The steam dragon dies!
Kikubaaqudgha accepts your kill.
You are engulfed in a cloud of scalding steam.
You start resting.
You sense a monster nearby.
You start resting.
A crocodile comes into view.
Aim: a crocodile (chance to defeat MR: 84%)
The crocodile writhes in agony.
Aim: a crocodile (lightly wounded, chance to defeat MR: 84%)
The crocodile barely resists.
The crocodile bites you!
* * * LOW HITPOINT WARNING * * *
Your wyvern skeleton bites the crocodile.
You barely miss the crocodile. The crocodile is struck by your spines.
The crocodile barely misses you.
Your wyvern skeleton bites the crocodile!
You hit the crocodile. You burn the crocodile.
Your wyvern skeleton bites the crocodile!
The crocodile dies!
Kikubaaqudgha accepts your kill.
You see here a crocodile corpse.
You attempt to give life to the dead...
Before your eyes, flesh is ripped from the corpse!
The dead are walking!
K - 7 chunks of flesh (gained 6)
Your skin crawls.
The steam dragon breathes steam at you. The ball of steam hits you!!
* * * LOW HITPOINT WARNING * * *
The ball of steam hits your wyvern skeleton!
Your wyvern skeleton is destroyed!
Found an escape hatch in the floor.
Aim: a steam dragon (steam, catching its breath, chance to defeat MR: 84%)
The steam dragon writhes in agony.
The fungus is engulfed in a cloud of scalding steam.
Aim: a steam dragon (steam, lightly wounded, catching its breath, chance to defeat MR: 84%)
The steam dragon writhes in agony.
You are engulfed in a cloud of scalding steam.
* * * LOW HITPOINT WARNING * * *
The fungus is engulfed in a cloud of scalding steam.
Your crocodile skeleton is engulfed in a cloud of scalding steam.
Aim: a steam dragon (moderately wounded, chance to defeat MR: 84%)
The steam dragon writhes in agony.
You are engulfed in a cloud of scalding steam.
* * * LOW HITPOINT WARNING * * *
The steam dragon breathes steam at you. The ball of steam hits you!!
You die...
Kikubaaqudgha rasps: "You have failed me!
Welcome... death!"

§≈§......# ##.P..
#≈§.....## ...#...
§≈......## .......
§≈.......# .......
#≈......### ..#....
§§.P......########...#..>
≈≈.............§.........
≈≈.P....###....§Z§.......
§≈....).........@D..P....
...............##§§..#...
...............##....§..#
..............##.......##
..............# #......≈≈
..........#...# .#..##..≈
....#.......... . ...
.≈≈≈≈≈≈#... ....P....
Y... ≈≈≈≈≈≈... .....P...
.....#≈≈≈≈≈#...


You could see a catoblepas, a steam dragon and a friendly crocodile skeleton.

Vanquished Creatures
  Pikel (D:6)
  A black mamba (Lair:2)
  A torpor snail (Lair:3)
  2 spiny frogs
  8 rime drakes
  Prince Ribbit (D:9)
  5 blink frogs
  2 polar bears
  4 hippogriffs
  A wyvern (Lair:3)
  A yak (D:9)
  A basilisk (Lair:2)
  5 steam dragons (Lair:3)
  A hungry ghost (D:9)
  A naga (Lair:2)
  An acid dragon (Lair:3)
  A water moccasin (Lair:2)
  Duvessa (D:5)
  A porcupine (D:9)
  2 ice beasts
  2 orc warriors
  2 sky beasts
  2 phantoms
  A wolf (D:9)
  2 centaurs (D:6)
  3 ogres
  3 crocodiles
  A big kobold (D:9)
  4 bullfrogs
  Dowan (D:5)
  A wyvern skeleton (D:7)
  A scorpion (D:6)
  10 killer bees
  3 wights (D:8)
  3 howler monkeys
  A vampire bat (D:4)
  An electric eel (Lair:2)
  A jelly (D:5)
  4 crimson imps
  A human zombie (D:2)
  7 orc priests
  3 hounds
  6 orc wizards
  A human skeleton (D:2)
  2 centaur skeletons
  2 iguanas
  5 worker ants
  2 hound skeletons
  A killer bee simulacrum (D:9)
  A worker ant zombie (D:9)
  11 adders
  2 shadow imps
  2 white imps (D:9)
  A howler monkey simulacrum (D:9)
  An ufetubus (D:9)
  An ooze (D:2)
  An adder skeleton (D:7)
  A dart slug (D:5)
  2 fire bats (D:4)
  2 adder simulacra (D:9)
  3 leopard geckos
  36 orcs
  2 spectral bats (D:4)
  A ball python (D:1)
  5 giant cockroaches
  7 goblins
  6 hobgoblins
  2 jackals (D:1)
  4 quokkas
  16 bats
  A bat simulacrum (D:4)
  5 frilled lizards
  11 kobolds
  9 rats
250 creatures vanquished.

Vanquished Creatures (collateral kills)
  Rupert (Lair:3)
  2 two-headed ogres (D:9)
  3 rime drakes (Lair:3)
  A komodo dragon (Lair:1)
  A blink frog (Lair:1)
  2 hippogriffs
  3 yaks (D:9)
  Grum (D:9)
  2 steam dragons (Lair:3)
  2 water moccasins (Lair:1)
  3 ice beasts
  A porcupine (Lair:3)
  An orc warrior (D:9)
  A phantom (D:7)
  2 ogres
  A black bear (D:9)
  2 wolves (D:9)
  2 crocodiles
  2 bullfrogs
  An electric eel (D:9)
  A hound (D:9)
  An orc priest (D:6)
  A worker ant (D:9)
  An iguana (D:9)
  An orc wizard (D:9)
  A hound skeleton (D:7)
  2 white imps (D:9)
  An ufetubus (D:9)
  An adder zombie (D:8)
  An adder skeleton (D:7)
  A fire bat (D:4)
  A leopard gecko (D:6)
  5 orcs
  3 bat skeletons (D:4)
  A bat zombie (D:4)
  2 quokkas
  A bat (D:3)
  A plant (D:9)
60 creatures vanquished.

Vanquished Creatures (others)
  A hound zombie (D:6)
  A howler monkey skeleton (D:6)
  A shadow imp (D:6)
  A leopard gecko (D:6)
  2 ball pythons (D:6)
  A giant cockroach (D:6)
  16 fungi
  5 plants (D:9)
28 creatures vanquished.

Grand Total: 338 creatures vanquished

Notes
Turn   | Place    | Note
-------+----------+-------------------------------------------
     0 | D:1      | MatthieuS the Demonspawn Necromancer began the quest for
                  | the Orb.
     0 | D:1      | Reached XP level 1. HP: 13/13 MP: 3/3
   601 | D:1      | Gained mutation: You have a pair of small antennae on your
                  | head. [demonic ancestry]
   601 | D:1      | Reached XP level 2. HP: 14/19 MP: 0/5
  1152 | D:2      | Learned a level 1 spell: Animate Skeleton
  1270 | D:2      | Reached XP level 3. HP: 21/24 MP: 1/7
  1579 | D:2      | Learned a level 3 spell: Vampiric Draining
  1623 | D:2      | Noticed a human
  1624 | D:2      | Found a runed translucent door.
  1628 | D:2      | Found a basalt altar of Yredelemnul.
  1974 | D:2      | Reached XP level 4. HP: 3/30 MP: 8/8
  2016 | D:2      | Learned a level 3 spell: Regeneration
  2074 | D:2      | HP: 1/30 [human skeleton (7)]
  2075 | D:2      | Reached skill level 5 in Necromancy
  2617 | D:3      | Gained mutation: Your body sometimes deteriorates upon
                  | taking damage. [potion of mutation]
  2617 | D:3      | Gained mutation: You are agile. (Dex +2) [potion of
                  | mutation]
  2710 | D:3      | Gained mutation: You are immune to rotting. [demonic
                  | ancestry]
  2710 | D:3      | Reached XP level 5. HP: 25/35 MP: 10/10
  3020 | D:3      | Reached skill level 1 in Charms
  3464 | D:3      | Gained mutation: You are partially covered in sharp spines.
                  | [demonic ancestry]
  3464 | D:3      | Reached XP level 6. HP: 12/41 MP: 5/12
  3808 | D:3      | Learned a level 4 spell: Animate Dead
  4272 | D:4      | Gained mutation: You are surrounded by a mild repulsion
                  | field. (EV +2) [demonic ancestry]
  4272 | D:4      | Reached XP level 7. HP: 25/46 MP: 4/14
  4444 | D:4      | Reached skill level 5 in Spellcasting
  4616 | D:4      | Reached skill level 1 in Fighting
  4616 | D:4      | Reached skill level 6 in Necromancy
  4818 | D:5      | Entered Level 5 of the Dungeon
  4864 | D:5      | Found a staircase to the Ecumenical Temple.
  4954 | Temple   | Entered the Ecumenical Temple
  5375 | D:5      | Gained mutation: You are surrounded by a moderate repulsion
                  | field. (EV +3) [demonic ancestry]
  5375 | D:5      | Reached XP level 8. HP: 57/57 MP: 8/16
  5377 | D:5      | Noticed Dowan
  5378 | D:5      | Noticed Duvessa
  5408 | D:5      | Killed Duvessa
  5421 | D:5      | Killed Dowan
  5690 | D:5      | Found a shattered altar of Ashenzari.
  5696 | D:5      | Reached skill level 5 in Stealth
  6066 | D:5      | Reached skill level 7 in Necromancy
  6596 | D:6      | Found a glowing silver altar of Zin.
  6596 | D:6      | Found an ancient bone altar of Kikubaaqudgha.
  6600 | D:6      | Found an ornate altar of the Wu Jian Council.
  6600 | D:6      | Found a deep blue altar of Sif Muna.
  6604 | D:6      | Became a worshipper of Kikubaaqudgha
  6706 | D:6      | Noticed Pikel
  6714 | D:6      | Killed Pikel
  6714 | D:6      | Gained mutation: You are mostly covered in sharp spines.
                  | [demonic ancestry]
  6714 | D:6      | Reached XP level 9. HP: 35/65 MP: 10/18
  7122 | D:6      | Found a deep blue altar of Sif Muna.
  7391 | D:6      | Reached skill level 8 in Necromancy
  7730 | D:7      | Found a blossoming altar of Fedhas.
  7734 | D:7      | Reached skill level 5 in Fighting
  8151 | D:7      | Reached * piety under Kikubaaqudgha
  8151 | D:7      | Identified Kikubaaqudgha's Reference Book on Black Secrets
                  | (Kikubaaqudgha gifted it to you on level 7 of the Dungeon)
  8151 | D:7      | Received a gift from Kikubaaqudgha
  8156 | D:7      | Learned a level 2 spell: Sublimation of Blood
  8294 | D:7      | Found a burning altar of Makhleb.
  9278 | D:8      | Found an ornate altar of the Wu Jian Council.
  9543 | D:8      | Reached skill level 9 in Necromancy
  9543 | D:8      | Gained mutation: You have a pair of antennae on your head.
                  | [demonic ancestry]
  9543 | D:8      | Reached XP level 10. HP: 59/76 MP: 0/21
  9710 | D:8      | Reached ** piety under Kikubaaqudgha
 10299 | D:9      | Noticed a two-headed ogre
 10307 | D:9      | Killed a two-headed ogre
 10415 | D:9      | Noticed Grum
 10431 | D:9      | Killed Grum
 10631 | D:9      | Noticed Prince Ribbit
 10642 | D:9      | Killed Prince Ribbit
 10793 | D:9      | Noticed a two-headed ogre
 10959 | D:9      | Killed a two-headed ogre
 11282 | D:9      | Found a staircase to the Lair.
 11334 | D:9      | Reached skill level 10 in Necromancy
 11419 | D:9      | Reached *** piety under Kikubaaqudgha
 11419 | D:9      | Identified Kikubaaqudgha's Volume of Evil Secrets
                  | (Kikubaaqudgha gifted it to you on level 9 of the Dungeon)
 11419 | D:9      | Received a gift from Kikubaaqudgha
 11436 | D:9      | Learned a level 5 spell: Dispel Undead
 11442 | D:9      | Learned a level 5 spell: Borgnjor's Vile Clutch
 11917 | Lair:1   | Entered Level 1 of the Lair of Beasts
 11942 | Lair:1   | Noticed a spiny frog
 11957 | Lair:1   | Killed a spiny frog
 11961 | Lair:1   | Reached XP level 11. HP: 65/84 MP: 5/23
 12268 | Lair:1   | Reached skill level 1 in Earth Magic
 12905 | Lair:2   | Lost mutation: Your body sometimes deteriorates upon taking
                  | damage. [potion of mutation]
 12905 | Lair:2   | Lost mutation: You are agile. (Dex +2) [potion of mutation]
 12905 | Lair:2   | Gained mutation: Your spells are a little easier to cast,
                  | but a little less powerful. [potion of mutation]
 12905 | Lair:2   | Gained mutation: You have an increased reservoir of magic.
                  | (+10% MP) [potion of mutation]
 12905 | Lair:2   | Gained mutation: Your mind is acute. (Int +2) [potion of
                  | mutation]
 12930 | Lair:2   | Found a staircase to the Swamp.
 13558 | Lair:2   | Found a staircase to the Snake Pit.
 14194 | Lair:3   | Noticed a catoblepas
 14644 | Lair:3   | Noticed Rupert
 14675 | Lair:3   | Killed Rupert
 14946 | Lair:3   | Noticed a death yak
 15497 | Lair:3   | Gained mutation: You are completely covered in sharp
                  | spines. [demonic ancestry]
 15497 | Lair:3   | Reached XP level 12. HP: 71/94 MP: 16/27
 15552 | Lair:3   | Killed from afar by a steam dragon

Levels and vault maps discovered:
D:1:      lemuel_arrival_funnel, layout_loops_cross, minivault_5
D:2:      layout_rooms, dk_yredelemnul_ordeal
D:3:      layout_loops_cross
D:4:      layout_rooms, first_ration, goddamned_bats
D:5:      layout_loops_ring, temple_pool_b, basic_altar, st_stairs_8,
          uniq_duvessa
D:6:      layout_cave_pods, grunt_temple_overflow_open, basic_altar, uniq_pikel
D:7:      layout_basic, lightli_temple_of_fire, basic_altar
D:8:      layout_layer_cave, basic_altar
D:9:      layout_roguey, grunt_lair_entry_orc_guard_hut, serial_ice,
          serial_ice_k, serial_ice_h, serial_ice_m, serial_ice_o, serial_ice_b,
          serial_ice_f, serial_ice_e, serial_ice_d, grunt_ogre_cave,
          hangedman_minor_gate_pass, uniq_grum, uniq_prince_ribbit1
Temple:   minmay_crystal_spiral_temple
Lair:1:   layout_concentric_octagons, grunt_megastairs_1
Lair:2:   layout_cave_pods, swamp_mist_pool, guppyfry_snake_entry_island,
          grunt_megastairs_2
Lair:3:   layout_gridlike, bobbens_dragon_lair_wall, uniq_rupert

Skill      XL: |  1  2  3  4  5  6  7  8  9 10 11 |
---------------+----------------------------------+-----
Stealth        | 2 3 4 5 7 8 9 |  9.4
Spellcasting   | 3 4 5 6 7 8 9 |  9.3
Necromancy     | 5 6 7 9 10 | 10.9
Charms         | 1 2 4 |  4.0
Fighting       | 2 4 6 7 8 |  8.5
Dodging        | 2 4 |  4.0
Earth Magic    | 3 |  3.5

Action                   |  1- 3 |  4- 6 |  7- 9 | 10-12 || total
-------------------------+-------+-------+-------+-------++-------
Melee: Unarmed           |     5 |       |       |       ||     5
       Long sword        |    19 |    18 |       |       ||    37
       Flail             |       |    61 |   126 |    20 ||   207
       Short sword       |       |       |    12 |    43 ||    55
 Cast: Pain              |    47 |    62 |   142 |   202 ||   453
       Animate Skeleton  |     3 |    17 |     3 |    20 ||    43
       Regeneration      |       |     2 |    12 |    11 ||    25
       Animate Dead      |       |     3 |    24 |    22 ||    49
       Vampiric Draining |       |     1 |     6 |    20 ||    27
       Borgnjor's Vile C |       |       |       |    10 ||    10
Invok: Receive Corpses   |       |       |       |     5 ||     5
Evoke: Wand              |       |       |    14 |    19 ||    33
  Use: Scroll            |     3 |     2 |     6 |     2 ||    13
       Potion            |     2 |     3 |     2 |     5 ||    12
 Stab: Sleeping          |       |     4 |     7 |     1 ||    12
       Invisible         |       |       |     3 |       ||     3
       Distracted        |       |       |       |     2 ||     2
  Eat: Chunk             |     2 |     4 |     9 |    11 ||    26
       Ration            |     1 |     1 |     3 |     5 ||    10
Armor: Robe              |     1 |       |       |       ||     1
       Leather armour    |     9 |    29 |    46 |    25 ||   109
Dodge: Dodged            |    22 |    74 |   152 |   147 ||   395
       Rpst.: Long sword |     3 |     4 |       |       ||     7

Table legend:
 A = Non-vault XP
 B = Vault XP
 C = Vault XP percentage of total XP
 D = Non-vault monster count
 E = Vault monster count
 F = Vault count percentage of total count
                 A         B        C        D         E       F
            +---------+---------+-------+---------+---------+-------
      Total |   12195 |   10222 |  45.6 |     231 |      78 |  25.2
            +---------+---------+-------+---------+---------+-------
        D:1 |      26 |       0 |   0.0 |      17 |       0 |   0.0
        D:2 |      68 |      81 |  54.4 |      18 |       2 |  10.0
        D:3 |     276 |       0 |   0.0 |      38 |       0 |   0.0
        D:4 |     340 |     165 |  32.7 |      16 |      20 |  55.6
        D:5 |     888 |     225 |  20.2 |      23 |       3 |  11.5
        D:6 |     691 |     641 |  48.1 |      15 |       1 |   6.2
        D:7 |    1124 |       0 |   0.0 |      21 |       0 |   0.0
        D:8 |    1366 |       0 |   0.0 |      25 |       0 |   0.0
        D:9 |    2066 |    2612 |  55.8 |      32 |      31 |  49.2
     Lair:1 |    1774 |       0 |   0.0 |       8 |       0 |   0.0
     Lair:2 |    1799 |     625 |  25.8 |       9 |       3 |  25.0
     Lair:3 |    1777 |    5873 |  76.8 |       9 |      18 |  66.7
            +---------+---------+-------+---------+---------+-------
